AoeStats
← OfFspRlNg

African Clearing

511038087Analyzed
4v4 RM · 6h ago on Oct 3, 2026· 49m 50s· 8 players
Game mode
Random Map
Map size
Large (8 player)
Population
200
Speed
Normal
Resources
Standard
Victory
Conquest
Starting age
Dark Age
Ending age
Imperial Age
RankedLock teamsTeams togetherTeam positionsShared explorationLock speedFull tech treeHidden civsTurbo modeCheats
Victory
Defeat
🇹🇼 Varangians · Taiwan
1448
+12
🇹🇼 Mongols · Taiwan
1334
+17
🇹🇼 Mapuche · Taiwan
1314
+18
🇹🇼 Persians · Taiwan
1291
+19
🇮🇹 Vietnamese · Italy
1378
-17
🇺🇸 Malay · United States
1358
-17
1355
-16
🇹🇼 Jurchens · Taiwan
1339
-16
[UZN]Listenphone
4:04 Loom
11:02 Feudal Age
11:34 Double-Bit Axe
21:34 Castle Age
21:01 Fletching
22:44 Bow Saw
23:17 Wheelbarrow
23:49 Bodkin Arrow
25:36 Husbandry
30:04 Padded Archer Armor
30:17 Horse Collar
32:30 Ballistics
32:26 Bloodlines
34:11 Leather Archer Armor
34:33 Stone Mining
34:35 Gold Mining
38:07 Imperial Age
38:56 Bracer
39:34 Elite Mangudai
41:47 Chemistry
41:39 Conscription
41:21 Nomads
41:43 Drill
42:11 Thumb Ring
42:32 Parthian Tactics
42:54 Parthian Tactics
43:38 Onager
46:06 Siege Onager
48:42 Siege Engineers
49:17 Hand Cart
royalchen
3:01 Loom
11:50 Feudal Age
14:29 Bloodlines
17:12 Forging
17:45 Scale Barding Armor
19:26 Horse Collar
19:33 Double-Bit Axe
25:33 Castle Age
24:34 Fletching
39:26 Wheelbarrow
40:43 Bodkin Arrow
42:02 Bow Saw
42:12 Hand Cart
43:18 Gold Mining
43:31 Heavy Plow
46:55 Imperial Age
44:28 Scale Mail Armor
45:46 Iron Casting
45:26 Chain Mail Armor
45:14 Town Watch
45:54 Arson
46:09 Squires
45:55 Gambesons
46:28 Town Patrol
48:14 Conscription
47:15 Gothikon
48:18 Stone Mining
49:01 Plate Mail Armor
49:31 Blast Furnace
50:10 Chemistry
49:08 Elite Varangian Guard
[UZN]1111111
5:27 Loom
14:06 Feudal Age
19:01 Castle Age
17:43 Double-Bit Axe
18:10 Fletching
20:30 Bodkin Arrow
35:28 Wheelbarrow
34:21 Pikeman
35:14 Bow Saw
34:44 Horse Collar
37:33 Champi Runner
39:50 Scale Mail Armor
40:01 Forging
40:04 Champi Warrior
43:34 Chain Mail Armor
44:58 Iron Casting
[UZN] Yen Lo
4:56 Loom
12:40 Feudal Age
16:19 Bloodlines
20:18 Castle Age
19:50 Double-Bit Axe
21:03 Scale Barding Armor
21:08 Forging
21:17 Bow Saw
21:36 Husbandry
31:00 Chain Barding Armor
40:57 Imperial Age
39:05 Wheelbarrow
38:14 Horse Collar
39:06 Gold Mining
40:34 Cavalier
42:26 Plate Barding Armor
42:27 Iron Casting
43:17 Savar
44:35 Conscription
45:20 Heavy Plow
50:46 Chemistry
OfFspRlNg
12:50 Feudal Age
12:35 Loom
14:37 Double-Bit Axe
24:44 Castle Age
35:40 Horse Collar
36:48 Fletching
娘子出來看上帝了
4:39 Loom
13:15 Feudal Age
18:53 Castle Age
18:29 Double-Bit Axe
19:33 Fletching
24:57 Gold Mining
26:09 Bodkin Arrow
30:53 Wheelbarrow
30:05 Horse Collar
32:32 Ballistics
35:22 Husbandry
38:11 Bow Saw
44:03 Imperial Age
42:32 Gold Shaft Mining
42:24 Hand Cart
42:34 Town Watch
43:50 Stone Mining
44:17 Murder Holes
45:15 Conscription
46:07 Chemistry
47:34 Bracer
anny52086
3:33 Loom
12:39 Feudal Age
14:14 Double-Bit Axe
18:13 Town Watch
23:51 Castle Age
22:21 Fletching
40:25 Wheelbarrow
40:37 Bow Saw
43:29 Ballistics
43:28 Bloodlines
43:30 Horse Collar
44:05 Bodkin Arrow
45:32 Husbandry
48:55 Murder Holes
GdR_Salinaro
12:28 Feudal Age
12:49 Feudal Age
16:45 Castle Age
14:52 Double-Bit Axe
16:52 Loom
17:43 Wheelbarrow
18:33 Bow Saw
19:13 Hand Cart
21:53 Fletching
25:10 Town Watch
26:29 Horse Collar
28:11 Ballistics
30:31 Bodkin Arrow
30:37 Padded Archer Armor
31:10 Heavy Plow
36:06 Imperial Age
36:52 Bracer
37:08 Leather Archer Armor
36:19 Elite Rattan Archer
38:18 Two-Man Saw
37:53 Masonry
37:39 Murder Holes
40:11 Chemistry
38:54 Treadmill Crane
40:24 Paper Money
42:01 Crop Rotation
42:19 Hoardings
43:10 Ring Archer Armor
42:52 Forging
42:47 Scale Barding Armor
44:11 Town Patrol
44:17 Husbandry
44:28 Bloodlines
43:39 Elite Battle Elephant
45:29 Iron Casting
45:58 Chain Barding Armor
45:42 Chatras
48:17 Plate Barding Armor
Connection lost

Rejoining the realm…

Still unreachable

The connection could not be restored.

Session expired

The server has moved on; the page needs a fresh start.